 Dungeon Crawl Stone Soup version 0.28-a0-390-gb254ac4902 (webtiles) character file.

Game seed: 10604573497315726887

402 Spectrina the Sneak (level 6, 0/36 HPs)
             Began as a Deep Elf Delver on July 30, 2021.
             Was a Priest of Elyvilon.
             Slain by a water moccasin (1 damage)
             ... on level 5 of the Dungeon on Sept 4, 2021.
             The game lasted 00:24:13 (2008 turns).

Spectrina the Sneak (Deep Elf Delver)               Turns: 2008, Time: 00:24:13

Health: 0/36       AC:  9    Str: 13 (15) XL:     6   Next: 55%
Magic:  0/14       EV: 12    Int: 15 (17) God:    Elyvilon [***...]
Gold:   137        SH:  0    Dex: 15 (16) Spells: 4/13 levels left

rFire   . . .      SeeInvis .   t - +4 dagger
rCold   . . .      Faith    .   (no shield)
rNeg    . . .      Spirit   +   b - +0 leather armour
rPois   .          Reflect  .   C - +2 helmet
rElec   .          Harm     .   (no cloak)
rCorr   .          Rampage  .   (no gloves)
Will    .....                   n - +2 pair of boots
Stlth   +++.......              k - amulet of guardian spirit
HPRegen 0.12/turn               q - +6 ring of strength
MPRegen 0.14/turn               (no ring)

@: lethally poisoned (0 -> -9), very slightly contaminated
A: no striking features
a: Renounce Religion, Lesser Healing, Heal Other, Purification, Divine
Protection


You were on level 5 of the Dungeon.
You worshipped Elyvilon.
Elyvilon was most pleased with you.
You visited 2 branches of the dungeon, and saw 7 of its levels.

You collected 185 gold pieces.
You spent 48 gold pieces at shops.

Inventory:

Hand Weapons
 a - a +0 short sword
 t - a +4 dagger (weapon)
 u - a +0 rapier
Missiles
 j - 189 stones (quivered)
 m - 24 bolts
Armour
 b - a +0 leather armour (worn)
 n - a +2 pair of boots (worn)
 C - a +2 helmet (worn)
Magical Staves
 A - a staff of cold
Jewellery
 k - an amulet of guardian spirit (around neck)
 q - a +6 ring of strength (left hand)
Wands
 g - a wand of digging (3)
Scrolls
 c - a scroll of fog
 d - a scroll of magic mapping
 h - a scroll of vulnerability {unknown}
 i - a scroll of enchant armour
 l - 2 scrolls of teleportation
 r - 2 scrolls of enchant weapon
 v - a scroll of torment {unknown}
 w - 2 scrolls of immolation
 x - a scroll of noise {unknown}
 y - a scroll of summoning {unknown}
 B - 2 scrolls of identify {unknown}
Potions
 e - 2 potions of curing {unknown}
 f - a potion of haste
 o - a potion of degeneration
 p - a potion of lignification {unknown}
 s - 2 potions of flight {unknown}
 z - a potion of might


   Skills:
 - Level 2.4 Fighting
 - Level 2.0 Short Blades
 - Level 2.4 Dodging
 - Level 6.0 Stealth
 + Level 4.0 Spellcasting
 + Level 3.3 Conjurations
 + Level 2.6 Fire Magic
 + Level 2.6 Poison Magic
 * Level 3.1 Invocations


You had 4 spell levels left.
You knew the following spells:

 Your Spells              Type           Power      Damage    Failure   Level
a - Magic Dart            Conj           48%        1d5       6%          1
b - Call Imp              Summ           3%         N/A       34%         2
q - Mephitic Cloud        Conj/Pois/Air  8%         N/A       30%         3
w - Ignite Poison         Fire/Tmut/Pois 8%         N/A       32%         3

Your spell library contained the following spells:

 Spells                   Type           Power      Damage    Failure   Level
 Bolt of Magma            Conj/Fire/Erth 4%         4d5       95%         5


Dungeon Overview and Level Annotations

Branches:
Dungeon (6/15)             Temple (1/1) D:4

Altars:
Ashenzari
Cheibriados
Dithmenos
Elyvilon
Fedhas
Hepliaklqana
Kikubaaqudgha
Makhleb
Nemelex Xobeh
Ru
Uskayaw
Xom
Yredelemnul
Zin

Shops:
D:3 !   D:4 (

Annotations:
D:2 Sigmund


Message History

Casting: Mephitic Cloud (quite dangerous; 26% risk of failure)
Confirm with . or Enter, or press ? or * to list all spells.
You can't see any susceptible monsters within range! (Use Z to cast anyway.)
Casting: Mephitic Cloud (quite dangerous; 26% risk of failure)
Confirm with . or Enter, or press ? or * to list all spells.
The spell is quite dangerous to cast (26% risk of failure)!
Continue anyway?
Aiming: Mephitic Cloud (quite dangerous; 26% risk of failure)
Press: ? - help, Shift-Dir - straight line You miscast Mephitic Cloud.
You are very lightly contaminated with residual magic.
Nothing appears to happen.
You feel sick. The water moccasin bites you.
You are lethally poisoned!
The water moccasin poisons you! The water moccasin barely misses you.
Unknown command.
Casting: Mephitic Cloud (quite dangerous; 26% risk of failure)
Confirm with . or Enter, or press ? or * to list all spells.
The spell is quite dangerous to cast (26% risk of failure)!
Continue anyway?
Okay, then.
* * * LOW HITPOINT WARNING * * *
You feel very sick.
Casting: Mephitic Cloud (quite dangerous; 26% risk of failure)
Confirm with . or Enter, or press ? or * to list all spells.
The spell is quite dangerous to cast (26% risk of failure)!
Continue anyway?
Aiming: Mephitic Cloud (quite dangerous; 26% risk of failure)
Press: ? - help, Shift-Dir - straight line The ball explodes into a vile cloud!
The stinking cloud engulfs the water moccasin but does no damage.
* * * LOW HITPOINT WARNING * * *
You feel very sick.
You hear an angry hiss.
The water moccasin bites you but does no damage.
The water moccasin barely misses you.
Unknown command.
Unknown command.
It was a potion of degeneration.
There was something very wrong with that liquid.
You feel weakened.
You feel dopey.
You feel clumsy.
* * * LOW HITPOINT WARNING * * *
You feel sick. The water moccasin bites you.
You die...

#.# #...............##......##.
#.. .........#......##..#...#..
#...#.......##.........###.....
#...........#..........# #..#..
......................#..
.........................
.....○☼°...........###...
>.....☼☼...........# ##..
.#....☼S@............ #.#
##..[............... ##
##......[..... #...#........
##.##..#..... ## #####.... ##..
.#


You could see a water moccasin.

Vanquished Creatures
  Menkaure (D:4)
  A wyvern zombie (D:6)
  2 hounds
  A bullfrog skeleton (D:5)
  An iguana (D:4)
  An adder (D:3)
  An ufetubus (D:4)
  A worm (D:3)
  3 orcs
  An endoplasm (D:1)
  2 giant cockroaches
  4 hobgoblins
  3 jackals (D:3)
  5 kobolds
  3 ball pythons
  3 bats
  3 frilled lizards
  5 rats
41 creatures vanquished.

Notes
Turn   | Place    | Note
-------+----------+-------------------------------------------
     0 | D:5      | Spectrina the Deep Elf Delver began the quest for the Orb.
     0 | D:5      | Reached XP level 1. HP: 13/13 MP: 3/3
     6 | D:5      | Noticed an iguana
   153 | D:5      | Noticed a jelly
   153 | D:5      | Noticed a hound
   170 | D:4      | Noticed a water moccasin
   173 | D:4      | Found Tidgh's Antique Weapon Shop.
   265 | D:4      | Found a staircase to the Ecumenical Temple.
   274 | Temple   | Entered the Ecumenical Temple
   291 | Temple   | Became a worshipper of Elyvilon the Healer
   350 | D:3      | Reached skill level 1 in Spellcasting
   350 | D:3      | Reached skill level 1 in Conjurations
   350 | D:3      | Reached XP level 2. HP: 18/18 MP: 6/6
   354 | D:3      | Learned a level 1 spell: Magic Dart
   378 | D:2      | Upgraded the game from 0.28-a0-48-gfd831c5874 to
                  | 0.28-a0-60-g54b5640690
   391 | D:2      | Noticed Sigmund
   412 | D:2      | Reached skill level 1 in Invocations
   619 | D:2      | Reached * piety under Elyvilon
   804 | D:3      | Reached XP level 3. HP: 10/22 MP: 3/8
   915 | D:3      | Reached ** piety under Elyvilon
   927 | D:3      | Learned a level 2 spell: Call Imp
   931 | D:3      | Learned a level 3 spell: Mephitic Cloud
   978 | D:3      | Found Sujokig's Distillery.
   997 | D:3      | Bought a potion of might for 48 gold pieces
  1190 | D:4      | Noticed Menkaure
  1195 | D:4      | Killed Menkaure
  1196 | D:4      | Reached skill level 1 in Fire Magic
  1196 | D:4      | Reached skill level 1 in Poison Magic
  1196 | D:4      | Reached XP level 4. HP: 18/27 MP: 7/10
  1196 | D:4      | Reached XP level 5. HP: 21/31 MP: 7/11
  1470 | D:3      | Learned a level 3 spell: Ignite Poison
  1729 | D:4      | Pacified a water moccasin
  1730 | D:4      | Reached XP level 6. HP: 36/36 MP: 10/13
  1867 | D:5      | Upgraded the game from 0.28-a0-60-g54b5640690 to
                  | 0.28-a0-390-gb254ac4902
  1882 | D:5      | Noticed an orc warrior
  1969 | D:6      | Reached *** piety under Elyvilon
  1986 | D:6      | Noticed a water moccasin
  2008 | D:5      | HP: 1/36 [poisoned by a water moccasin]
  2008 | D:5      | Slain by a water moccasin

Illustrated notes

Levels and vault maps discovered:
D:1:      saegor_arrival_simple_b, layout_loops_ring,
          shapermc_ecumenical_altar_pompeii, serial_shops, shop
D:2:      layout_basic, uniq_sigmund
D:3:      layout_basic, serial_shops,
          nicolae_shop_temple_entry_statues_fountains, corexii_corridor_pit
D:4:      layout_basic, lemuel_temple_firewalk_b, serial_shops, kennysheep_mini,
          uniq_menkaure
D:5:      layout_cave_pools
D:6:      layout_basic, minmay_three_doors
Temple:   eino_temple_lava

Skill      XL: |  1  2  3  4  5  6 |
---------------+-------------------+-----
Spellcasting   | 1 2 3 4 |  4.0
Conjurations   | 1 2 3 |  3.3
Invocations    | 1 2 3 |  3.1
Fire Magic     | 1 2 |  2.6
Poison Magic   | 1 2 |  2.6
Fighting       | |  2.4
Short Blades   | |  2.0
Dodging        | |  2.4
Stealth        | |  6.0

Action                   |  1- 3 |  4- 6 || total
-------------------------+-------+-------++-------
Melee: Short sword       |    70 |       ||    70
       Dagger            |    22 |    53 ||    75
 Cast: Magic Dart        |    11 |       ||    11
       Mephitic Cloud    |       |     1 ||     1
Invok: Heal Other        |       |     1 ||     1
  Use: Scroll            |     1 |     5 ||     6
       Potion            |     1 |     1 ||     2
 Stab: Sleeping          |    10 |     3 ||    13
Armor: Leather armour    |    18 |    15 ||    33
Dodge: Dodged            |    51 |    43 ||    94

Table legend: (Time is in decaauts)
 A = Elapsed time spent in this place.
 B = Non-inter-level travel time spent in this place.
 C = Inter-level travel time spent in this place.
 D = Time resting spent in this place.
 E = Time spent auto-exploring this place.
 F = Levels seen in this place.
 G = Mean time per level.
                   A        B        C        D        E       F      G
               +--------+--------+--------+--------+--------+-----+--------+
         Total |   2006 |   1945 |     61 |      0 |      0 |   7 |  286.6 |
       Dungeon |   1981 |   1920 |     61 |      0 |      0 |   6 |  330.2 |
        Temple |     24 |     24 |      0 |      0 |      0 |   1 |   24.0 |
               +--------+--------+--------+--------+--------+-----+--------+

Top non-repeatable levels by time:
     D:3: 676 daAuts
     D:4: 647 daAuts
     D:2: 272 daAuts
     D:5: 212 daAuts
     D:1: 122 daAuts
     D:6: 48 daAuts
  Temple: 24 daAuts
